 Dungeon Crawl Stone Soup version 0.29.1-13-g9f3cf754e1 (webtiles) character file.

Game seed: 6204595256998633101

44 Exodus22XD the Trooper (level 3, 32/33 HPs)
             Began as a Minotaur Fighter on Feb 4, 2023.
             Was a Follower of Makhleb.
             Quit the game on level 2 of the Dungeon.
             The game lasted 00:00:42 (837 turns).

Exodus22XD the Trooper (Minotaur Fighter)            Turns: 837, Time: 00:00:43

Health: 32/33      AC:  8    Str: 22    XL:     3   Next: 39%
Magic:  2/2        EV:  9    Int:  5    God:    Makhleb [*.....]
Gold:   70         SH:  4    Dex:  9    Spells: 2/2 levels left

rFire   . . .      SeeInvis .   a - +0 war axe
rCold   . . .      Faith    .   c - +0 buckler
rNeg    . . .      Spirit   .   b - +0 scale mail
rPois   .          Reflect  .   (helmet restricted)
rElec   .          Harm     .   (no cloak)
rCorr   .          Rampage  .   (no gloves)
Will    .....                   k - +0 pair of boots
Stlth   ..........              (no amulet)
HPRegen 0.11/turn               (no ring)
MPRegen 0.08/turn               (no ring)

@: no status effects
A: horns 2, retaliatory headbutt
a: Renounce Religion


You were on level 2 of the Dungeon.
You worshipped Makhleb.
Makhleb was aware of your devotion.
You visited 1 branch of the dungeon, and saw 2 of its levels.

You collected 70 gold pieces.

Inventory:

Hand Weapons
 a - a +0 war axe (weapon)
Armour
 b - a +0 scale mail (worn)
 c - a +0 buckler (worn)
 k - a +0 pair of boots (worn)
Jewellery
 i - a ring of fire
Scrolls
 g - a scroll of blinking {unknown}
 j - a scroll of torment {unknown}
Potions
 d - a potion of might
 e - a potion of brilliance {unknown}
 f - 2 potions of curing {unknown}
 h - a potion of resistance {unknown}
 l - a potion of magic {unknown}


   Skills:
 + Level 4.1 Fighting
 + Level 3.2 Axes
 + Level 4.1 Armour
 + Level 4.1 Shields


You had 2 spell levels left.
You didn't know any spells.
Your spell library was empty.

Dungeon Overview and Level Annotations

Branches:
Dungeon (2/15)

Altars:
Makhleb


Innate Abilities, Weirdness & Mutations

You have a pair of horns on your head.
You reflexively headbutt those who attack you in melee.


Message History

The adder is moderately wounded.
You slash the giant cockroach!
You kill the giant cockroach!
The adder barely misses you. The adder closely misses you.
The adder bites you but does no damage.
Unknown command.
You miss the adder. You headbutt the adder.
The adder is heavily wounded.
You hit the adder. The adder barely misses you.
The adder bites you but does no damage. You block the adder's attack. x2
You hit the adder. Your headbutt misses the adder.
The adder is severely wounded.
You hit the adder but do no damage. The adder bites you but does no damage.
The adder bites you. The adder bites you but does no damage.
You closely miss the adder.
The adder is severely wounded.
You barely miss the adder. The adder bites you.
The adder bites you but does no damage. x3
You hit the adder but do no damage.
The adder is severely wounded.
You closely miss the adder.
The adder bites you but does no damage. x3
The adder barely misses you. You furiously retaliate!
You headbutt the adder.
You kill the adder!
Your Axes skill increases to level 3!
You have reached level 3!
Your experience leads to an increase in your attributes!
Increase (S)trength, (I)ntelligence, or (D)exterity?
You feel stronger. x2
An adder is nearby!
You slash the adder!
You kill the adder!
You see here an adder corpse.
Found a scroll labelled FETIWA XINN.
There is a faded altar of an unknown god here.
You cannot tell which god this altar belongs to.
Convert to them anyway?
Makhleb accepts your prayer! Makhleb welcomes you!
You can now gain health from killing.
You see here a +0 mace.
Are you sure you want to abandon this character and quit the game? (Confirm with "yes".)

##########
#..?.....#
#.#∩.⌠...#
#.#......#
#.#._)@..#
#.#...)..#.#
#.#.........#
#.††##.###.?#
#...........#
#.#.##.#### #
#. #.#..#.#
#. #.####.#
#( #.#


There were no monsters in sight!

Vanquished Creatures
  2 adders (D:2)
  A dart slug (D:1)
  A ball python (D:1)
  6 endoplasms (D:1)
  A giant cockroach (D:2)
  2 goblins (D:1)
  4 hobgoblins (D:1)
  3 bats (D:1)
  A kobold (D:1)
21 creatures vanquished.

Notes
Turn   | Place    | Note
-------+----------+-------------------------------------------
     0 | D:1      | Exodus22XD the Minotaur Fighter began the quest for the
                  | Orb.
     0 | D:1      | Reached XP level 1. HP: 19/19 MP: 0/0
   222 | D:1      | Reached XP level 2. HP: 27/27 MP: 1/1
   818 | D:2      | Found a faded altar of an unknown god.
   829 | D:2      | Reached XP level 3. HP: 32/33 MP: 2/2
   834 | D:2      | Prayed at the altar of an unknown god.
   834 | D:2      | Became a worshipper of Makhleb the Destroyer
   834 | D:2      | Reached * piety under Makhleb
   837 | D:2      | Quit the game

Illustrated notes

Levels and vault maps discovered:
D:1:      lightli_iron_boxes, layout_loops_ring
D:2:      layout_basic, ebering_ecumenical_altar_abandoned, minmay_fountain_box,
          kennysheep_cross_room

Skill      XL: |  1  2 |
---------------+-------+-----
Fighting       | 4 |  4.1
Armour         | 4 |  4.1
Shields        | 4 |  4.1
Axes           | 3 |  3.2

Action                   || total
-------------------------++-------
Melee: War axe           ||    36
       Headbutt          ||     6
Armor: Scale mail        ||    26
Dodge: Dodged            ||    21
Block: Buckler           ||    10
